 Dungeon Crawl Stone Soup version 0.30-a0-591-g3c58d2bc28 (webtiles) character file.

Game seed: 14248789733635035808

28 bmack86 the Chopper (level 2, -1/27 HPs)
             Began as a Minotaur Berserker on Jan 5, 2023.
             Was a Follower of Trog.
             Slain by Jessica
             ... wielding a +0 dagger
              (4 damage)
             ... on level 2 of the Dungeon.
             The game lasted 00:04:09 (1324 turns).

bmack86 the Chopper (Minotaur Berserker)            Turns: 1324, Time: 00:04:09

Health: -1/27      AC:  3    Str: 21    XL:     2   Next: 96%
Magic:  1/1        EV: 12    Int:  4    God:    Trog [*.....]
Gold:   111        SH:  0    Dex:  9    Spells: 1/1 levels left

rFire   . . .      SeeInvis .    a - +0 hand axe
rCold   . . .      Faith    .    (no shield)
rNeg    . . .      Spirit   .    b - +1 animal skin
rPois   .          Reflect  .    (helmet restricted)
rElec   .          Harm     .    (no cloak)
rCorr   .          Rampage  .    (no gloves)
Will    .....                    (no boots)
Stlth   +                        j - amulet of magic regeneration
HPRegen 0.24/turn                (no ring)
MPRegen 0.47/turn                (no ring)

@: no status effects
A: horns 2, retaliatory headbutt
a: Renounce Religion, Berserk


You were on level 2 of the Dungeon.
You worshipped Trog.
Trog was aware of your devotion.
You visited 1 branch of the dungeon, and saw 2 of its levels.

You collected 111 gold pieces.

Inventory:

Hand Weapons
 a - a +0 hand axe (weapon)
Armour
 b - a +1 animal skin (worn)
Jewellery
 j - an amulet of magic regeneration (around neck)
Scrolls
 d - a scroll of enchant armour
Potions
 c - a potion of curing {unknown}
 e - 2 potions of brilliance {unknown}
 f - a potion of ambrosia {unknown}
 h - a potion of lignification {unknown}
 i - a potion of degeneration {unknown}


   Skills:
 + Level 4.0 Fighting
 * Level 4.2 Axes
 + Level 2.8 Armour
 + Level 2.5 Dodging


You had one spell level left.
You didn't know any spells.
Your spell library was empty.

Dungeon Overview and Level Annotations

Branches:
Dungeon (2/15)

Altars:

Shops:
D:2 [

Annotations:
D:2 Jessica


Innate Abilities, Weirdness & Mutations

You have a pair of horns on your head.
You reflexively headbutt those who attack you in melee.


Message History

You miss the bat. The bat misses you. The bat hits you but does no damage.
Jessica mumbles some strange words.
Jessica seems to speed up.
You hit the bat.
You kill the bat!
Trog accepts your kill.
Jessica points at you and mumbles some strange words.
Pain shoots through your body!
Your Fighting skill increases to level 4!
Found a stone staircase leading up.
A bat comes into view.
The bat moves out of view.
You see here a bat corpse.
You hit Jessica.
Jessica is moderately wounded.
Jessica closely misses you. Jessica hits you with a +0 dagger.
You closely miss Jessica. Your headbutt misses Jessica.
Jessica is moderately wounded.
Jessica barely misses you.
You closely miss Jessica.
Jessica is moderately wounded.
Jessica hits you with a +0 dagger.
* * * LOW HITPOINT WARNING * * *
Jessica casts a spell at you. Pain shoots through your body!
* * * LOW HITPOINT WARNING * * *
You barely miss Jessica. Your headbutt misses Jessica.
Jessica is moderately wounded.
Jessica completely misses you.
Jessica casts a spell.
Jessica blinks!
You completely miss Jessica.
Jessica is moderately wounded.
Jessica hits you with a +0 dagger.
* * * LOW HITPOINT WARNING * * *
You barely miss Jessica.
Jessica is moderately wounded.
Jessica hits you with a +0 dagger.
You die...

##....###
####.....
##.....## #.......
#####..####
#.#♣###. ##....##
#.....#.
####..####
##♣∩♣.#. ##....#
#...#. ####)#
#######♣#.#. #@#
#......##... #@#
#......####. #§#
#......# #. #.#
#......# #. #.#
###.....†####. #..
.............. ...
..##....†.###. ...
#.........# #.
<..#####......###.
#........#†


You could see Jessica (fast).

Vanquished Creatures
  2 dart slugs
  A giant cockroach (D:1)
  4 goblins
  4 hobgoblins
  2 kobolds
  A quokka (D:1)
  3 bats
  A frilled lizard (D:1)
  4 rats
22 creatures vanquished.

Notes
Turn   | Place    | Note
-------+----------+-------------------------------------------
     0 | D:1      | bmack86 the Minotaur Berserker began the quest for the Orb.
     0 | D:1      | Reached XP level 1. HP: 19/19 MP: 0/0
   331 | D:1      | Reached XP level 2. HP: 26/27 MP: 1/1
  1109 | D:2      | Found Baurphu's Armour Shop.
  1308 | D:2      | Noticed Jessica
  1324 | D:2      | Slain by Jessica

Illustrated notes

Levels and vault maps discovered:
D:1:      eino_arrival_tree_alley, layout_basic, kennysheep_doodads
D:2:      layout_basic, serial_shops, nicolae_shop_trees, uniq_jessica,
          uniq_robin

Skill      XL: |  1  2 |
---------------+-------+-----
Axes           | 4 |  4.2
Fighting       | 4 |  4.0
Armour         | |  2.8
Dodging        | |  2.5

Action                   || total
-------------------------++-------
Melee: Hand axe          ||    45
       Headbutt          ||     6
  Use: Scroll            ||     4
Armor: Animal skin       ||    10
Dodge: Dodged            ||    32

Table legend: (Time is in decaauts)
 A = Elapsed time spent in this place.
 B = Non-inter-level travel time spent in this place.
 C = Inter-level travel time spent in this place.
 D = Time resting spent in this place.
 E = Time spent auto-exploring this place.
 F = Levels seen in this place.
 G = Mean time per level.
                   A        B        C        D        E       F      G
               +--------+--------+--------+--------+--------+-----+--------+
         Total |   1328 |   1283 |     45 |      0 |    971 |   2 |  664.0 |
       Dungeon |   1328 |   1283 |     45 |      0 |    971 |   2 |  664.0 |
               +--------+--------+--------+--------+--------+-----+--------+

Top non-repeatable levels by time:
     D:1: 953 daAuts
     D:2: 374 daAuts
